 Dungeon Crawl Stone Soup version 0.19.0-19-g8c6edcc (webtiles) character file.

1573 WhiteFang the Cudgeler (level 8, -5/67 HPs)
             Began as a Hill Orc Berserker on Nov 15, 2016.
             Was a Believer of Trog.
             Slain by an ogre
             ... wielding a +0 giant club
              (20 damage)
             ... on level 6 of the Dungeon.
             The game lasted 00:46:36 (6707 turns).

WhiteFang the Cudgeler (Hill Orc Berserker)         Turns: 6707, Time: 00:46:36

Health: -5/67      AC: 14    Str: 22    XL:     8   Next: 90%
Magic:  12/12      EV:  8    Int:  7    God:    Trog [**....]
Gold:   496        SH:  0    Dex: 10    Spells: 0 memorised, 12 levels left

rFire  . . .     SeeInvis .     b - +0 morningstar
rCold  . . .     Gourm    .     g - +0 chain mail
rNeg   . . .     Faith    .     (no shield)
rPois  .         Spirit   .     s - +2 helmet
rElec  .         Reflect  .     d - +0 cloak
rCorr  .         Harm     .     p - +0 pair of gloves
MR     .....                    (no boots)
Stlth  ..........               (no amulet)
                                (no ring)
                                (no ring)

@: no status effects
A: no striking features
a: Berserk, Trog's Hand, Burn Spellbooks, Renounce Religion


You were on level 6 of the Dungeon.
You worshipped Trog.
Trog was pleased with you.
You were not hungry.

You visited 1 branch of the dungeon, and saw 6 of its levels.

You collected 496 gold pieces.

Inventory:

Hand Weapons
 a - a +0 falchion
 b - a +0 morningstar (weapon)
 k - a +0 blowgun
 u - a +0 mace of venom
 N - a +2 flail of protection
 R - a +0 hunting sling
 T - a +0 flail
Missiles
 c - 123 stones
 i - 31 poisoned needles
 j - 4 tomahawks
 m - 41 sling bullets
 x - 7 curare-tipped needles
 E - 5 javelins (quivered)
 Q - 19 bolts
Armour
 d - a +0 cloak (worn)
 g - a +0 chain mail (worn)
 p - a +0 pair of gloves (worn)
 s - a +2 helmet (worn)
Jewellery
 P - an uncursed ring of resist corrosion {unknown}
 U - a +1 ring of slaying {unknown}
Wands
 f - a wand of acid (8/15)
 l - a wand of random effects (26/48)
 L - a wand of paralysis (8/24)
Scrolls
 h - 6 scrolls of identify {unknown}
 n - a scroll of fog {unknown}
 o - 3 scrolls of blinking {unknown}
 q - a scroll of immolation {unknown}
 v - 4 scrolls of teleportation {unknown}
 A - 4 scrolls of remove curse {unknown}
 B - a scroll of amnesia {unknown}
 H - 2 scrolls of magic mapping {unknown}
 I - a scroll of enchant armour {unknown}
 J - a scroll of recharging {unknown}
 M - 2 scrolls of enchant weapon {unknown}
Potions
 e - 2 potions of brilliance
 r - 2 potions of curing
 F - a potion of degeneration {unknown}
 K - a potion of berserk rage {unknown}
 O - a potion of flight {unknown}
 S - a potion of cure mutation {unknown}
Books
 w - a book of Cantrips

   Spells                             Type                      Level
   a - Confusing Touch                Hexes                        1
   b - Animate Skeleton               Necromancy                   1
   c - Summon Small Mammal            Summoning                    1
   d - Apportation                    Translocation                1
   Trog disapproves of the use of such an item.
 y - a book of Cantrips

   Spells                             Type                      Level
   a - Confusing Touch                Hexes                        1
   b - Animate Skeleton               Necromancy                   1
   c - Summon Small Mammal            Summoning                    1
   d - Apportation                    Translocation                1
   Trog disapproves of the use of such an item.
 D - a book of Cantrips

   Spells                             Type                      Level
   a - Confusing Touch                Hexes                        1
   b - Animate Skeleton               Necromancy                   1
   c - Summon Small Mammal            Summoning                    1
   d - Apportation                    Translocation                1
   Trog disapproves of the use of such an item.
Comestibles
 t - a royal jelly
 z - 5 fruits
 C - 3 slices of pizza
 G - 2 bread rations


   Skills:
 - Level 4.4 Fighting
 - Level 4.4 Long Blades
 - Level 7.4 Maces & Flails
   Level 2.8 Polearms
 + Level 1.0 Slings
 - Level 2.4 Armour
 - Level 1.8 Dodging
 + Level 4.3 Unarmed Combat
 + Level 2.9 Spellcasting
 + Level 2.6 Evocations


You had 12 spell levels left.
You didn't know any spells.

Dungeon Overview and Level Annotations

Branches:
Dungeon (6/15)
 Temple: D:4-7

Altars:
Ashenzari
Ru


Message History

You now have 496 gold pieces (gained 20).
An ogre comes into view. It is wielding a giant club.
The ogre shouts!
You see here 7 gold pieces.
You puncture the ogre!
The ogre is heavily wounded.
The ogre hits you but does no damage.
You barely miss the ogre.
The ogre is heavily wounded.
The ogre hits you with a giant club!!
You sock the ogre!
The ogre is almost dead.
You barely miss the ogre.
The ogre is almost dead.
The ogre hits you with a giant club!!
* * * LOW HITPOINT WARNING * * *
You hit the ogre.
The ogre is almost dead.
The ogre hits you with a giant club!!
You die...

#.#.##.##.# #...#####.
#######.#.......# #.......#. ..
..#.#.##.##.# #..####.## .#
#.#......##.# ######....## #
.####.###.......# #..........#.##
..........#########.####...#.....
.####.##### #...#.#####....####
.####.# ##..$..........## ......#
#..@...#####.#.# ####### #.#O##.#
#.#.# # #.##... ..#.# ..##.###
#...# ..###.# #.# #.. #.# ... #..
..# .. ##.


You could see an ogre.

Vanquished Creatures
  A hippogriff (D:3)
  Edmund (D:5)
  A phantom (D:5)
  2 ogres
  A centaur (D:3)
  3 bullfrogs (D:6)
  A crimson imp (D:5)
  6 hounds
  A bullfrog skeleton (D:5)
  An iguana (D:6)
  A jelly (D:5)
  An orc priest (D:6)
  5 orc wizards
  A worker ant (D:4)
  Robin (D:3)
  A gnoll (D:1)
  9 adders
  A shadow imp (D:6)
  2 oozes
  A worm (D:3)
  2 dart slugs
  7 leopard geckos
  15 orcs
  3 ball pythons
  9 bats
  5 giant cockroaches
  14 hobgoblins
  2 jackals (D:5)
  3 quokkas
  7 frilled lizards
  21 goblins
  A jackal zombie (D:6)
  5 kobolds
  2 leopard gecko skeletons (D:5)
  7 rats
144 creatures vanquished.

Notes
Turn   | Place    | Note
-------+----------+-------------------------------------------
     0 | D:1      | WhiteFang the Hill Orc Berserker began the quest for the Orb.
     0 | D:1      | Reached XP level 1. HP: 19/19 MP: 1/1
   341 | D:1      | Reached XP level 2. HP: 23/27 MP: 2/2
   355 | D:1      | Found a shattered altar of Ashenzari.
   740 | D:1      | Reached XP level 3. HP: 33/33 MP: 3/3
  1069 | D:2      | Reached ** piety under Trog
  1111 | D:2      | Reached XP level 4. HP: 27/41 MP: 4/4
  1819 | D:3      | Reached skill level 1 in Polearms
  1925 | D:3      | Noticed a hippogriff
  1955 | D:3      | Killed a hippogriff
  1955 | D:3      | Reached skill level 2 in Maces & Flails
  1955 | D:3      | Reached skill level 1 in Spellcasting
  1955 | D:3      | Reached XP level 5. HP: 7/47 MP: 4/7
  1955 | D:3      | Reached XP level 6. HP: 8/53 MP: 4/8
  2367 | D:3      | Noticed Robin
  2444 | D:3      | Killed Robin
  2451 | D:3      | Reached skill level 3 in Maces & Flails
  2451 | D:3      | Reached XP level 7. HP: 30/60 MP: 9/9
  3480 | D:4      | Reached skill level 4 in Maces & Flails
  4080 | D:4      | Reached skill level 5 in Maces & Flails
  4707 | D:5      | Entered Level 5 of the Dungeon
  4913 | D:5      | Reached skill level 6 in Maces & Flails
  4990 | D:5      | Reached XP level 8. HP: 63/67 MP: 10/10
  5225 | D:5      | Noticed Edmund
  5245 | D:5      | Killed Edmund
  5245 | D:5      | Reached skill level 7 in Maces & Flails
  5964 | D:6      | Reached skill level 1 in Evocations
  6245 | D:6      | Found a sacrificial altar of Ru.
  6263 | D:6      | Reached skill level 1 in Slings
  6707 | D:6      | Slain by an ogre

Skill      XL: |  1  2  3  4  5  6  7  8 |
---------------+-------------------------+-----
Fighting       | 4 |  4.4
Long Blades    | 4 |  4.4
Polearms       | 2 |  2.8
Maces & Flails | 2 3 6 7 |  7.4
Unarmed Combat | 2 4 |  4.3
Spellcasting   | 1 2 |  2.9
Evocations     | 2 |  2.6
Slings         | 1 |  1.0
Armour         | |  2.4
Dodging        | |  1.8

Action                   |  1- 3 |  4- 6 |  7- 9 || total
-------------------------+-------+-------+-------++-------
Melee: Falchion          |    72 |   185 |    19 ||   276
       Morningstar       |       |       |   374 ||   374
       Punch             |       |       |     6 ||     6
Throw: Javelin           |       |     1 |     7 ||     8
  Use: Potion            |     2 |     1 |       ||     3
       Scroll            |       |     1 |       ||     1
  Eat: Bread ration      |     1 |       |       ||     1
       Beef jerky        |       |     1 |     5 ||     6
       Chunk             |       |       |     1 ||     1
       Meat ration       |       |       |     1 ||     1
Armor: Animal skin       |     8 |       |       ||     8
       Leather armour    |     6 |     1 |       ||     7
       Chain mail        |       |   178 |   297 ||   475
Dodge: Dodged            |    44 |   112 |   193 ||   349
       Rpst.: Falchion   |    13 |    28 |     3 ||    44
